 Dungeon Crawl Stone Soup version 0.27-a0-1149-g4505690ab0 (webtiles) character file.

Game seed: 11940860790825530756

8810 Vomitron the Blocker (level 11, 0/89 HPs)
             Began as a Minotaur Fighter on May 14, 2021.
             Was an Elder of Hepliaklqana.
             Slain by a death yak (14 damage)
             ... on level 8 of the Dungeon.
             The game lasted 00:13:24 (10664 turns).

Vomitron the Blocker (Minotaur Fighter)            Turns: 10664, Time: 00:13:25

Health: 0/89       AC: 15    Str: 23    XL:     11   Next: 14%
Magic:  10/10      EV:  9    Int:  5    God:    Hepliaklqana [****..]
Gold:   272        SH: 12    Dex: 11    Spells: 10/10 levels left

rFire    . . .     SeeInvis .   A - +0 long sword (flame)
rCold    . . .     Faith    .   c - +0 kite shield
rNeg     . . .     Spirit   .   F - +1 chain mail {Will+}
rPois    .         Reflect  .   (helmet restricted)
rElec    .         Harm     .   (no cloak)
rCorr    .         Rampage  .   E - +0 pair of gloves
Will     +....                  C - +0 pair of boots
Stlth    ..........             (no amulet)
HPRegen  0.24/turn              (no ring)
MPRegen  0.12/turn              (no ring)

@: no status effects
A: reduced essence, horns 2, retaliatory headbutt
a: Renounce Religion, Recall Ancestor, Ancestor Identity, Transference, Idealise


You were on level 8 of the Dungeon.
You worshipped Hepliaklqana.
Hepliaklqana was greatly pleased with you.
You visited 1 branch of the dungeon, and saw 9 of its levels.
You also visited: Sewer.

You collected 453 gold pieces.
You spent 181 gold pieces at shops.

Inventory:

Hand Weapons
 a - a +0 long sword
 A - a +0 long sword of flaming (weapon)
 H - the +3 Elemental Staff {rElec rF++ rC++ Will++ AC+5}
   (You acquired it on level 8 of the Dungeon)

   It affects your AC (+5).
   It greatly protects you from fire.
   It greatly protects you from cold.
   It insulates you from electricity.
   It greatly increases your willpower.
Missiles
 j - 6 boomerangs of dispersal (quivered)
 r - a throwing net
 w - 2 curare-tipped darts
Armour
 b - a +0 scale mail
 c - a +0 kite shield (worn)
 z - a +0 chain mail
 C - a +0 pair of boots (worn)
 E - a +0 pair of gloves (worn)
 F - a +1 chain mail of willpower (worn)
Jewellery
 q - a ring of see invisible
 I - a ring of flight
Wands
 v - a wand of mindburst (10)
 D - a wand of iceblast (3)
Scrolls
 f - 6 scrolls of identify
 s - a scroll of acquirement
 u - a scroll of holy word {unknown}
 x - a scroll of immolation {unknown}
 y - a scroll of blinking {unknown}
 B - 2 scrolls of amnesia
 G - a scroll of teleportation {unknown}
 J - a scroll of enchant armour {unknown}
Potions
 d - 2 potions of might
 e - a potion of brilliance {unknown}
 g - a potion of invisibility {unknown}
 h - 4 potions of heal wounds {unknown}
 i - 3 potions of curing {unknown}
 k - 3 potions of lignification {unknown}
 l - 2 potions of haste
 m - a potion of mutation {unknown}
 n - 2 potions of flight {unknown}
 o - a potion of attraction {unknown}
 p - a potion of cancellation {unknown}
 t - 2 potions of degeneration {unknown}


   Skills:
 + Level 10.0 Fighting
 - Level 9.7 Long Blades
 + Level 5.4 Staves
 + Level 10.0 Armour
 - Level 5.0 Dodging
 + Level 10.0 Shields
 + Level 3.4 Evocations


You had 10 spell levels left.
You didn't know any spells.
Your spell library contained the following spells:

 Spells                   Type           Power      Damage    Failure   Level
 Animate Skeleton         Necr           0%         N/A       99%         1
 Apportation              Tloc           0%         N/A       99%         1
 Beastly Appendage        Tmut           0%         N/A       99%         1
 Corona                   Hex            0%         N/A       99%         1
 Pain                     Necr           0%         1d4       99%         1
 Summon Small Mammal      Summ           0%         N/A       99%         1
 Wereblood                Tmut           0%         N/A       100%        2
 Spider Form              Tmut/Pois      0%         N/A       100%        3
 Vampiric Draining        Necr           0%         2d6       100%        3
 Animate Dead             Necr           0%         N/A       100%        4
 Ice Form                 Ice/Tmut       0%         N/A       100%        4
 Agony                    Necr           0%         N/A       100%        5
 Hydra Form               Tmut           0%         N/A       100%        5


Dungeon Overview and Level Annotations

Branches:
Dungeon (9/15)             Temple (0/1) D:7           Sewer (visited)
   Lair: D:8-11         Orc: D:9-12

Altars:
Ashenzari
Dithmenos
Fedhas
Hepliaklqana
Ru
Yredelemnul

Shops:
D:7 [


Innate Abilities, Weirdness & Mutations

Your life essence is reduced to manifest your ancestor. (-10% HP)
You have a pair of horns on your head.
You reflexively headbutt those who attack you in melee.


Message History

The death yak is moderately wounded.
You block the death yak's attack.
Zimri-Dagan barely misses the death yak.
You hit the death yak. You burn the death yak.
The death yak is moderately wounded.
The death yak gores you!
Zimri-Dagan barely misses the death yak.
You hit the death yak but do no damage. You headbutt the death yak!
The death yak is heavily wounded.
The death yak gores you!
Zimri-Dagan hits the death yak with a +0 quarterstaff!
You hit the death yak. You burn the death yak. You headbutt the death yak!
The death yak is severely wounded.
You block the death yak's attack.
Zimri-Dagan points at the death yak and mumbles some strange words.
The stone arrow hits the death yak!
You slash the death yak! You burn the death yak.
The death yak is severely wounded.
The death yak gores you!!
Zimri-Dagan hits the death yak with a +0 quarterstaff!
You hit the death yak but do no damage.
You headbutt the death yak, but do no damage.
The death yak is severely wounded.
The death yak gores you!
* * * LOW HITPOINT WARNING * * *
The death yak gores Zimri-Dagan!!
Zimri-Dagan hits the death yak with a +0 quarterstaff!
You slash the death yak! You burn the death yak.
You headbutt the death yak, but do no damage.
The death yak is almost dead.
You block the death yak's attack.
The death yak gores Zimri-Dagan.
Zimri-Dagan hits the death yak with a +0 quarterstaff!!
The death yak dies!
Your Fighting skill increases to level 10!
Your Armour skill increases to level 10!
Your Shields skill increases to level 10!
You hit the death yak. You burn the death yak.
The death yak is almost dead.
The death yak gores you!
You die...

##########.##.#########.#
#.##)# #.....# ###
######'##.# #.##### ..#
#.........# #.# ..#
#.........# #.# ..#
#.........# #.# ..#
#.........# #.###### ###
#........o#####......#
#####....#..)Y†Y@...###.##
....'....'..)R#####.# #.#
#.#.#....'#########.# #.#
#.#.#...[...#..>....# #.#
#.#.#.......#.#########.#
#...........#.#.......#.#
'...........#.#.#####.#.#
#...........#.#.# #.#.#
#.#'#.......#.#.#####.#.#


You could see the friendly Zimri-Dagan the battlemage, 2 death yaks and an orc
warrior.

Vanquished Creatures
  3 death yaks
  Joseph (D:7)
  A steam dragon (D:8)
  A water moccasin (D:6)
  An acid dragon (D:8)
  An orc warrior (D:7)
  3 ice beasts
  A sky beast (D:7)
  A black bear (D:7)
  2 necrophages
  2 ogres
  3 centaurs
  3 phantoms
  2 kobold brigands
  A water moccasin skeleton (D:6)
  4 killer bees (D:8)
  4 wights (D:8)
  A bullfrog zombie (D:5)
  A centaur zombie (D:8)
  A jelly (D:5)
  2 centaur skeletons
  3 orc priests
  4 iguanas
  2 orc wizards (D:7)
  A howler monkey zombie (D:6)
  2 river rats (Sewer)
  6 adders
  A howler monkey skeleton (D:6)
  An ufetubus (D:2)
  3 worms (D:4)
  2 dart slugs
  13 orcs
  5 endoplasms
  8 goblins
  5 hobgoblins
  2 jackals
  16 kobolds
  5 ball pythons
  5 bats
  3 frilled lizards
  5 rats
131 creatures vanquished.

Vanquished Creatures (collateral kills)
  3 death yaks
  3 yaks (D:8)
  Eustachio (D:6)
  Menkaure (D:5)
  An ice beast (D:7)
  3 ogres
  A sky beast (D:6)
  A phantom (D:4)
  2 centaurs
  2 kobold brigands
  6 killer bees (D:8)
  2 jellies
  A wight (D:8)
  2 centaur zombies
  A hound (D:6)
  An orc wizard (D:9)
  3 gnolls (D:3)
  An adder (D:6)
  A river rat (Sewer)
  A white imp (D:5)
  A worm (D:2)
  A dart slug (D:4)
  7 orcs
  An endoplasm (D:3)
  A goblin (D:4)
  3 hobgoblins
  3 jackals (D:3)
  7 kobolds
  3 ball pythons
  A bat (D:3)
65 creatures vanquished.

Vanquished Creatures (others)
  7 battlemagi
  An ancestor (D:2)
  4 toadstools (D:1)
12 creatures vanquished.

Grand Total: 208 creatures vanquished

Notes
Turn   | Place    | Note
-------+----------+-------------------------------------------
     0 | D:1      | Vomitron the Minotaur Fighter began the quest for the Orb.
     0 | D:1      | Reached XP level 1. HP: 19/19 MP: 0/0
   221 | D:1      | Found a faded altar of an unknown god.
   232 | D:1      | Became a worshipper of Hepliaklqana the Forgotten
   232 | D:1      | Reached * piety under Hepliaklqana
   914 | D:1      | Reached XP level 2. HP: 23/24 MP: 1/1
  1500 | D:2      | Reached XP level 3. HP: 28/29 MP: 2/2
  1637 | D:2      | Reached ** piety under Hepliaklqana
  1638 | D:2      | Remembered your ancestor Zimri-Dagan as a battlemage
  2362 | D:3      | Reached XP level 4. HP: 33/36 MP: 3/3
  2797 | D:3      | Found a sacrificial altar of Ru.
  3333 | D:3      | Reached *** piety under Hepliaklqana
  3337 | D:3      | Reached XP level 5. HP: 35/42 MP: 4/4
  3568 | D:4      | Found a broken altar of Ashenzari.
  3619 | D:4      | Noticed a phantom
  3624 | D:4      | Found a glowing drain.
  3625 | D:4      | Noticed a phantom
  3626 | D:4      | Killed a phantom
  3630 | D:4      | Killed a phantom
  3631 | D:4      | Reached skill level 5 in Long Blades
  3631 | D:4      | Reached XP level 6. HP: 29/49 MP: 5/5
  3644 | D:4      | Reached skill level 5 in Shields
  3687 | D:4      | Reached skill level 5 in Fighting
  3754 | Sewer    | Entered a sewer
  3758 | Sewer    | Reached skill level 5 in Armour
  3837 | Sewer    | Found a glowing silver altar of Zin.
  4105 | D:4      | Found a basalt altar of Yredelemnul.
  4594 | D:4      | Found a shadowy altar of Dithmenos.
  4935 | D:5      | Entered Level 5 of the Dungeon
  4942 | D:5      | Reached XP level 7. HP: 37/54 MP: 6/6
  5196 | D:5      | Noticed Menkaure
  5202 | D:5      | Killed Menkaure
  5652 | D:5      | Reached XP level 8. HP: 63/63 MP: 7/7
  6458 | D:6      | Reached skill level 1 in Dodging
  6499 | D:6      | Found a blossoming altar of Fedhas.
  6649 | D:6      | Noticed Eustachio
  6662 | D:6      | Killed Eustachio
  6663 | D:6      | Reached XP level 9. HP: 70/71 MP: 8/8
  6822 | D:7      | Found a staircase to the Ecumenical Temple.
  6830 | D:7      | Noticed Joseph
  6851 | D:7      | Killed Joseph
  7429 | D:7      | Found Waxtanor's Armour Shoppe.
  7444 | D:7      | Identified the +4 mace of Untimely Demise {flame, Drain
                  | +Rage Fly}
  7464 | D:7      | Bought a +1 chain mail of willpower for 181 gold pieces
  7775 | D:8      | Identified 2 scrolls of acquirement
  7775 | D:8      | Acquired the +3 Elemental Staff {rElec rF++ rC++ Will++
                  | AC+5}
  7776 | D:8      | Found the +3 Elemental Staff {rElec rF++ rC++ Will++ AC+5}
  7856 | D:8      | Reached skill level 1 in Staves
  8164 | D:8      | Reached XP level 10. HP: 51/81 MP: 9/9
  8413 | D:8      | Reached **** piety under Hepliaklqana
  9810 | D:9      | Reached skill level 5 in Dodging
  9810 | D:9      | Reached skill level 1 in Evocations
  9920 | D:9      | Noticed a death yak
  9920 | D:9      | Noticed a death yak
  9920 | D:9      | Noticed a death yak
  9920 | D:9      | Noticed a death yak
  9942 | D:9      | Noticed a death yak
  9943 | D:9      | Killed a death yak
  9943 | D:9      | Noticed a death yak
  9947 | D:9      | Killed a death yak
  9948 | D:9      | Noticed a death yak
  9955 | D:9      | Noticed a death yak
  9957 | D:9      | Killed a death yak
 10275 | D:8      | Killed a death yak
 10276 | D:8      | Reached skill level 5 in Staves
 10346 | D:8      | Killed a death yak
 10347 | D:8      | Reached XP level 11. HP: 22/89 MP: 10/10
 10663 | D:8      | Killed a death yak
 10664 | D:8      | Reached skill level 10 in Fighting
 10664 | D:8      | Reached skill level 10 in Armour
 10664 | D:8      | Reached skill level 10 in Shields
 10664 | D:8      | Slain by a death yak

Illustrated notes

Levels and vault maps discovered:
D:1:      ldierk_water_garden, layout_basic, shapermc_ecumenical_altar_venn,
          bh_walls_and_bars
D:2:      layout_loops_corners, dk_vineyard_1
D:3:      layout_loops_corners, nicolae_ru_sacrificial_ziggurat
D:4:      corexii_shack_village, layout_loops_corners,
          nicolae_overflow_hidden_temple, grunt_dithmenos_smoke,
          kennysheep_mini, cheibrodos_sewer_entry_sluice, item_on_display_a
D:5:      layout_basic, serial_curves, eino_curves_02, eino_curves_01,
          uniq_menkaure
D:6:      layout_rooms, fedhas_bush_and_centaur_altar, uniq_eustachio
D:7:      layout_rooms, minmay_temple_entry_grid, serial_shops,
          nicolae_shop_waterfront, uniq_joseph
D:8:      layout_basic
D:9:      layout_irregular_city, dpeg_lair_monsters, erik_orc_1,
          gammafunk_ghost_necromancy

Skill      XL: |  1  2  3  4  5  6  7  8  9 10 11 |
---------------+----------------------------------+-----
Long Blades    | 3 4 5 6 7 8 9 |  9.7
Fighting       | 4 5 6 7 8 9 10 | 10.0
Armour         | 4 5 6 7 8 9 10 | 10.0
Shields        | 4 5 6 7 8 9 10 | 10.0
Dodging        | 1 4 5 |  5.0
Staves         | 1 5 |  5.4
Evocations     | 3 |  3.4

Action                   |  1- 3 |  4- 6 |  7- 9 | 10-12 || total
-------------------------+-------+-------+-------+-------++-------
Melee: Long sword        |    74 |    93 |   196 |    85 ||   448
       Headbutt          |     7 |    19 |    46 |    35 ||   107
Invok: Ancestor Life: Ba |     1 |       |       |       ||     1
       Idealise          |       |       |       |     1 ||     1
Evoke: Wand              |       |       |       |     1 ||     1
  Use: Scroll            |       |     3 |     1 |       ||     4
       Potion            |       |       |     1 |       ||     1
 Stab: Distracted        |       |       |       |     1 ||     1
Armor: Scale mail        |    40 |    28 |    23 |       ||    91
       Chain mail        |       |       |    59 |    38 ||    97
Dodge: Dodged            |    24 |    26 |    59 |    25 ||   134
Block: Kite shield       |    38 |    38 |   106 |    60 ||   242
       Rpst.: Long sword |     7 |    10 |    16 |     5 ||    38

Table legend: (Time is in decaauts)
 A = Elapsed time spent in this place.
 B = Non-inter-level travel time spent in this place.
 C = Inter-level travel time spent in this place.
 D = Time resting spent in this place.
 E = Time spent auto-exploring this place.
 F = Levels seen in this place.
 G = Mean time per level.
                   A        B        C        D        E       F      G
               +--------+--------+--------+--------+--------+-----+--------+
         Total |  10792 |  10448 |    344 |   1980 |   7057 |  10 | 1079.2 |
       Dungeon |  10540 |  10196 |    344 |   1885 |   6953 |   9 | 1171.1 |
         Sewer |    251 |    251 |      0 |     95 |    103 |   1 |  251.0 |
               +--------+--------+--------+--------+--------+-----+--------+

Top non-repeatable levels by time:
     D:8: 2630 daAuts
     D:2: 1349 daAuts
     D:5: 1259 daAuts
     D:3: 1231 daAuts
     D:4: 1164 daAuts
     D:1: 1034 daAuts
     D:7: 958 daAuts
     D:6: 645 daAuts
     D:9: 266 daAuts
   Sewer: 251 daAuts
